 Dungeon Crawl Stone Soup version 0.30-a0-170-g85af917532 (webtiles) character file.

Game seed: 11000748154136273347

35 qw the Shield-Bearer (level 3, 0/23 HPs)
             Began as a Gargoyle Fighter on Sept 30, 2022.
             Slain by a gnoll
             ... wielding a +0 whip
              (5 damage)
             ... on level 2 of the Dungeon.
             The game lasted 00:00:15 (1324 turns).

qw the Shield-Bearer (Gargoyle Fighter)             Turns: 1324, Time: 00:00:15

Health: 0/23       AC: 14    Str: 21    XL:     3   Next: 33%
Magic:  3/3        EV:  5    Int:  8    God:
Gold:   63         SH:  4    Dex:  9    Spells: 2/2 levels left

rFire   . . .      SeeInvis .    Y - +0 war axe
rCold   . . .      Faith    .    c - +0 buckler
rNeg    + . .      Spirit   .    f - +0 plate armour
rPois   inf        Reflect  .    (no helmet)
rElec   +          Harm     .    (no cloak)
rCorr   .          Rampage  .    (no gloves)
Will    .....                    (no boots)
Stlth   ..........               (no amulet)
HPRegen 0.07/turn                (no ring)
MPRegen 0.08/turn                (no ring)

@: no status effects
A: sickness immunity, AC +3, negative energy resistance 1, electricity
resistance, torment resistance 1, petrification resistance
a: no special abilities


You were on level 2 of the Dungeon.
You visited 1 branch of the dungeon, and saw 2 of its levels.

You collected 63 gold pieces.


Innate Abilities, Weirdness & Mutations

You are immune to sickness and miasma.
Your stone body is resilient. (AC +3)
You are immune to poison.
You resist negative energy. (rN+)
You are resistant to electric shocks. (rElec)
You are resistant to unholy torment.
You are immune to petrification.


   Skills:
 - Level 3.2 Fighting
 + Level 3.0 Axes
 - Level 1.0 Throwing
 - Level 3.2 Armour
 - Level 3.2 Shields


You had 2 spell levels left.
You didn't know any spells.
Your spell library was empty.

Inventory:

Hand Weapons
 j - a +0 flail
 Y - a +0 war axe (weapon)
Missiles
 i - a javelin (quivered)
 m - 6 boomerangs
Armour
 c - a +0 buckler (worn)
 f - a +0 plate armour (worn)
Potions
 a - a potion of resistance {unknown}
 d - a potion of might
 g - a potion of heal wounds {unknown}

Dungeon Overview and Level Annotations

Branches:
Dungeon (2/15)

Altars:


Message History

The gnoll is severely wounded.
A rat comes into view.
A gnoll comes into view. It is wielding a +0 halberd.
The gnoll shouts!
A ball python comes into view.
A gnoll comes into view. It is wielding a +0 whip.
The gnoll barely misses you.
You hit the gnoll.
The gnoll is severely wounded.
You closely miss the hobgoblin. The hobgoblin hits you.
The gnoll barely misses you.
You hit the gnoll.
You kill the gnoll!
You hit the hobgoblin. You barely miss the ball python.
The ball python bites you but does no damage.
The ball python grabs you. The ball python constricts you.
The hobgoblin hits you but does no damage.
The gnoll hits you from afar with a +0 halberd.
The ball python bites you but does no damage.
The ball python constricts you.
Your Throwing skill increases to level 1!
You have reached level 3!
Your experience leads to an increase in your attributes!
Increase (S)trength, (I)ntelligence, or (D)exterity?
You feel stronger. x2
You hit the ball python.
You kill the ball python!
You slash the hobgoblin!
You kill the hobgoblin!
You barely miss the rat. The rat barely misses you.
The gnoll hits you but does no damage. The rat bites you but does no damage.
The gnoll hits you but does no damage.
You hit the gnoll but do no damage. You barely miss the rat.
The rat barely misses you. The gnoll barely misses you. x2
You closely miss the gnoll. You closely miss the rat.
The rat bites you but does no damage.
The gnoll hits you from afar with a +0 halberd!
The gnoll hits you with a +0 whip. The rat bites you but does no damage.
The gnoll hits you with a +0 whip.
You die...

############
#...........
#############.#######.##
...............# ###
........#####..## ##
.......!#####..>#######.
.....................#..
......g@##########.####.
.....gr.# .. ##
..(.....# .# .........
### ........# ##.
........# #.. ........#
##. ........# ## .###


You could see 2 gnolls and a rat.

Vanquished Creatures
  A gnoll (D:2)
  An adder (D:2)
  3 endoplasms
  A giant cockroach (D:2)
  A hobgoblin (D:2)
  A quokka (D:1)
  2 ball pythons
  2 frilled lizards (D:1)
  A goblin (D:1)
  A kobold (D:1)
  3 rats
17 creatures vanquished.

Notes
Turn   | Place    | Note
-------+----------+-------------------------------------------
     0 | D:1      | qw the Gargoyle Fighter began the quest for the Orb.
     0 | D:1      | Reached XP level 1. HP: 14/14 MP: 1/1
     0 | D:1      | 0 ||| qw: Version: 0.2-a-12-gaebbb33
     0 | D:1      | 0 ||| qw: Game counter: 1558
     0 | D:1      | 0 ||| qw: Always use a shield: true
     0 | D:1      | 0 ||| qw: God list: Okawaru
     0 | D:1      | 0 ||| qw: Allow faded altars: false
     0 | D:1      | 0 ||| qw: Do Orc after D:15 true
     0 | D:1      | 0 ||| qw: Do second Lair branch before Depths: true
     0 | D:1      | 0 ||| qw: Lair rune preference: random
     0 | D:1      | 0 ||| qw: Plans: Normal, Zot:1-4, God:TSO, Crypt, Tomb,
                  | Pan, Slime:5, Hells, Abyss, Orb
     0 | D:1      | 0 ||| PLANNING D:1-11
   162 | D:1      | HP: 3/14 [quokka (2)]
   689 | D:1      | Found a faded altar of an unknown god.
   725 | D:1      | Reached XP level 2. HP: 19/19 MP: 2/2
  1024 | D:1      | 1024 ||| UPGRADING to +0 plate armour.
  1034 | D:1      | 1034 ||| DROPPING +0 scale mail.
  1035 | D:1      | 1035 ||| DROPPING amulet of faith.
  1036 | D:1      | 1036 ||| READING scroll labelled QAXKETUOKE.
  1037 | D:1      | 1037 ||| READING scroll labelled XIRAOTONIA.
  1081 | D:1      | 1081 ||| READING scroll labelled ALAETI RUQA.
  1082 | D:1      | 1082 ||| READING 3 scrolls labelled KONEMI NICOGAQAH.
  1083 | D:1      | 1083 ||| READING scroll labelled NEUGIR ZAAPP.
  1084 | D:1      | 1084 ||| DROPPING 2 scrolls of fear.
  1127 | D:2      | Identified the +0 barding "Eggeaguy" {Harm Str-4 Dex+8
                  | Stlth-}
  1285 | D:2      | Reached skill level 3 in Axes
  1322 | D:2      | Reached skill level 1 in Throwing
  1322 | D:2      | Reached XP level 3. HP: 15/23 MP: 3/3
  1324 | D:2      | HP: 5/23 [gnoll/+0 whip (1)]
  1324 | D:2      | Slain by a gnoll

Levels and vault maps discovered:
D:1:      giann_wishing_wells, layout_basic,
          hellmonk_ecumenical_altar_heavens_door, minmay_misc_feat_nine_boxes
D:2:      minmay_skewed_foursquare, layout_basic, serial_curves, eino_curves_03,
          eino_curves_02, eino_curves_04, eino_curves_02, basic_altar,
          kennysheep_generic_room_3

Skill      XL: |  1  2 |
---------------+-------+-----
Axes           | 2 3 |  3.0
Throwing       | 1 |  1.0
Fighting       | |  3.2
Armour         | |  3.2
Shields        | |  3.2

Action                   || total
-------------------------++-------
Melee: War axe           ||    36
Throw: Javelin           ||    11
       Boomerang         ||     2
  Use: Scroll            ||     5
Armor: Scale mail        ||    14
       Plate armour      ||    15
Dodge: Dodged            ||    21
Block: Buckler           ||     3

Table legend:
 A = Non-vault XP
 B = Vault XP
 C = Vault XP percentage of total XP
 D = Non-vault monster count
 E = Vault monster count
 F = Vault count percentage of total count
                 A         B        C        D         E       F
            +---------+---------+-------+---------+---------+-------
      Total |      50 |       0 |   0.0 |      17 |       0 |   0.0
            +---------+---------+-------+---------+---------+-------
        D:1 |      13 |       0 |   0.0 |      10 |       0 |   0.0
        D:2 |      37 |       0 |   0.0 |       7 |       0 |   0.0
            +---------+---------+-------+---------+---------+-------
